 Dungeon Sprint DCSS version 0.27-a0-1149-g4505690ab0 (webtiles) character file.

Game seed: 13260488128680493014

53 fozzywoppz the Shield-Bearer (level 3, -2/33 HPs)
             Began as a Minotaur Fighter on May 13, 2021.
             Slain by an iguana (11 damage)
             ... in the Dungeon (Sprint IX: "|||||||||||||||||||||||||||||").
             The game lasted 00:00:24 (38 turns).

fozzywoppz the Shield-Bearer (Minotaur Fighter)       Turns: 38, Time: 00:00:25

Health: -2/33      AC:  7    Str: 21    XL:     3   Next: 64%
Magic:  2/2        EV:  8    Int:  5    God:
Gold:   0          SH: 10    Dex:  9    Spells: 2/2 levels left

rFire    . . .     SeeInvis .   a - +0 war axe
rCold    . . .     Faith    .   c - +0 kite shield
rNeg     . . .     Spirit   .   b - +0 scale mail
rPois    .         Reflect  .   (helmet restricted)
rElec    .         Harm     .   (no cloak)
rCorr    .         Rampage  .   (no gloves)
Will     .....     NoTele   +   (no boots)
Stlth    ..........             (no amulet)
HPRegen  0.11/turn              (no ring)
MPRegen  0.08/turn              (no ring)

@: no status effects
A: horns 2, retaliatory headbutt
a: no special abilities


You were in the Dungeon.
You visited 1 branch

Inventory:

Hand Weapons
 a - a +0 war axe (weapon)
Armour
 b - a +0 scale mail (worn)
 c - a +0 kite shield (worn)
Scrolls
 j - a scroll of blinking
Potions
 d - a potion of might
 e - a potion of curing
 f - a potion of heal wounds
 g - a potion of haste
 h - 2 potions of magic
 i - a potion of berserk rage


   Skills:
 - Level 4.0 Fighting
 + Level 5.7 Axes
 - Level 5.0 Armour
 + Level 6.8 Shields


You had 2 spell levels left.
You didn't know any spells.
Your spell library was empty.

Dungeon Overview and Level Annotations

Branches:
Dungeon (1/1)

Altars:


Innate Abilities, Weirdness & Mutations

You have a pair of horns on your head.
You reflexively headbutt those who attack you in melee.


Message History

You hit the hound. You headbutt the hound.
The hound is lightly wounded.
You block the hound's attack. The hound bites you but does no damage.
You miss the hound.
The hound is lightly wounded.
The hound bites you.
* * * LOW HITPOINT WARNING * * *
The hound closely misses you.
You completely miss the hound.
The hound is lightly wounded.
The hound closely misses you. You block the hound's attack.
The hound bites you but does no damage.
You slash the hound! Your headbutt misses the hound.
The hound is severely wounded.
The hound bites you but does no damage. You block the hound's attack.
You barely miss the hound. Your headbutt misses the hound.
The hound is severely wounded.
You block the hound's attack. x2
You closely miss the hound. You headbutt the hound.
You kill the hound!
You block the adder's attack.
Training target 5.0 for Armour reached!
Your Axes skill increases to level 5!
Your Armour skill increases to level 5!
Your Shields skill gained 2 levels and is now at level 6!
You have reached level 3!
Your experience leads to an increase in your attributes!
Increase (S)trength, (I)ntelligence, or (D)exterity?
You feel stronger.
Your scale mail prevents you from hitting the adder.
You block the adder's attack. x2
You closely miss the adder. The adder bites you.
* * * LOW HITPOINT WARNING * * *
You block the adder's attack.
You slash the adder! You headbutt the adder.
You kill the adder!
The iguana bites you but does no damage.
You closely miss the iguana. You headbutt the iguana.
The iguana is lightly wounded.
The iguana bites you!
You die... ▓▓▓▓▓▓▓▓▓▓▓▓▓▓▓▓▓▓ +....Ol@....)...<▓ ▓▓▓▓▓▓▓▓▓▓▓▓▓▓▓▓▓▓

You could see an ogre and an iguana.

Vanquished Creatures
  A hound (D)
  2 adders (D)
  A goblin (D)
  2 hobgoblins (D)
  A frilled lizard (D)
  A kobold (D)
8 creatures vanquished.

Notes
Turn   | Place    | Note
-------+----------+-------------------------------------------
     0 | D        | fozzywoppz the Minotaur Fighter began the quest for the
                  | Orb.
     0 | D        | Reached XP level 1. HP: 19/19 MP: 0/0
     8 | D        | Reached skill level 4 in Shields
    21 | D        | Noticed an ogre
    21 | D        | Noticed an iguana
    21 | D        | Noticed a hound
    29 | D        | Reached XP level 2. HP: 8/27 MP: 1/1
    35 | D        | Reached skill level 5 in Axes
    35 | D        | Reached skill level 5 in Armour
    35 | D        | Reached skill level 6 in Shields
    35 | D        | Reached XP level 3. HP: 10/33 MP: 2/2
    38 | D        | Slain by an iguana

Illustrated notes

Levels and vault maps discovered:
D:        linesprint [early_d, line_temple, items_1, d_10, items_2, lair_1,
          lair_end, items_3, orc_1, orc_end, items_4, d_15, swamp_1, shoals_1,
          snake_1, spider_1, d_20, vaults_1, items_5, swamp_end, shoals_end,
          snake_end, spider_end, vaults_end, d_27, items_6, zot_1, zot_end,
          crypt_end, forest_end, elf_end, slime_end, tomb_end, abyss_end,
          pan_hell_end]

Skill      XL: |  1  2 |
---------------+-------+-----
Fighting       | 4 |  4.0
Armour         | 4 5 |  5.0
Shields        | 4 6 |  6.8
Axes           | 4 5 |  5.7

Action                   || total
-------------------------++-------
Melee: War axe           ||    26
       Headbutt          ||     7
Armor: Scale mail        ||     9
Dodge: Dodged            ||     4
Block: Kite shield       ||    16

Table legend: (Time is in decaauts)
 A = Elapsed time spent in this place.
 B = Non-inter-level travel time spent in this place.
 C = Inter-level travel time spent in this place.
 D = Time resting spent in this place.
 E = Time spent auto-exploring this place.
 F = Levels seen in this place.
 G = Mean time per level.
                   A        B        C        D        E       F      G
               +--------+--------+--------+--------+--------+-----+--------+
         Total |     51 |     51 |      0 |      0 |      0 |   1 |   51.0 |
       Dungeon |     51 |     51 |      0 |      0 |      0 |   1 |   51.0 |
               +--------+--------+--------+--------+--------+-----+--------+

Top non-repeatable levels by time:
       D: 51 daAuts
